Map: Abyssal Reef LE

Players

Fashion - Winner!

  • Race: Zerg Zerg
  • League: Master
  • Spawn Location: 11:00

nickvmBR

  • Race: Terran Terran
  • League: Master
  • Spawn Location: 5:00

VOD

Have the link to the VOD?

Description

Time

  • Played on: July 7, 2017, 10:24 p.m.
  • Length: 7:31
Show
View Real Time Build Order
Export as new Build Order

Fashion Zerg - Winner!

Build Orders: Hatch First 

Get SALT Encoding   

  12  0:02  Drone  
  13  0:13  Overlord  
  13  0:18  Drone  
  14  0:31  Drone x2  
  16  0:36  Drone  
  17  0:53  Hatchery  
  17  0:55  Drone  
  17  0:58  Drone  
  18  1:10  Extractor  
  17  1:13  Spawning Pool  
  17  1:17  Drone  
  17  1:19  Drone  
  18  1:28  Drone  
  19  1:41  Overlord  
  19  1:51  Drone  
  20  1:59  Queen  
  20  2:01  Zergling x2  
  23  2:05  Queen, Zergling x2  
  26  2:10  Metabolic Boost  
  26  2:11  Drone  
  27  2:18  Drone  
  28  2:31  Hatchery  
  28  2:34  Drone  
  27  2:41  Queen  
  29  2:48  Overlord  
  29  2:51  Drone  
  30  2:53  Drone  
  30  2:55  Drone  
  30  2:58  Drone  
  33  3:00  Drone  
  34  3:06  Drone, Overlord  
  35  3:16  Zergling x6  
  35  3:17  Zergling x2  
  39  3:28  Zergling x4  
  39  3:30  Queen  
  43  3:35  Zergling x2, Overlord  
  43  3:40  Hatchery  
  43  3:58  Zergling x12  
  48  4:14  Zergling x8  
  47  4:24  Queen  
  46  4:35  Zergling x8  
  50  4:43  Zergling x2  
  47  4:54  Zergling x10  
  47  4:55  Zergling x2  
  54  5:05  Zergling x4  
  53  5:16  Zergling x2  
  53  5:17  Zergling x4  
  56  5:21  Queen  
  56  5:26  Zergling x14  
  65  5:35  Overlord x2  
  56  5:51  Zergling x16  
  63  6:01  Zergling x6  
  61  6:10  Zergling x2  
  61  6:11  Zergling x2  
  62  6:16  Zergling x2  
  63  6:23  Baneling Nest  
  63  6:24  Zergling x6  
  65  6:26  Evolution Chamber  
  65  6:30  Zergling x4  
  65  6:37  Zergling x8  
  69  6:42  Zergling x10  
  69  6:43  Zergling x2  
  75  6:49  Zergling x6  
Show
View Real Time Build Order
Export as new Build Order

nickvmBR Terran 

Build Orders:  

Get SALT Encoding   

  12  0:01  SCV  
  13  0:13  SCV  
  14  0:17  Supply Depot  
  14  0:25  SCV  
  15  0:38  SCV  
  15  0:40  Barracks  
  16  0:50  Refinery  
  16  0:51  SCV  
  17  1:00  Barracks  
  17  1:06  SCV  
  18  1:17  Barracks  
  18  1:25  Refinery  
  18  1:33  Reaper  
  18  1:36  Supply Depot  
  19  1:49  SCV  
  19  1:50  Reaper  
  21  2:05  Reaper  
  23  2:08  Reaper  
  23  2:12  Barracks  
  23  2:22  Reaper  
  24  2:24  Supply Depot  
  24  2:37  Reaper  
  26  2:45  Supply Depot  
  26  2:57  Barracks  
  25  3:00  Reaper  
  26  3:06  Reaper x2  
  26  3:10  Reaper  
  29  3:27  SCV  
  29  3:32  Reaper  
  31  3:38  Reaper  
  32  3:42  Reaper  
  32  3:43  Reaper  
  32  3:45  Orbital Command  
  34  3:50  Reaper  
  35  4:06  Reaper  
  35  4:18  Reaper x2  
  37  4:29  Reaper  
  38  4:41  Reaper  
  39  4:54  Supply Depot x2  
  39  5:11  Reaper  
  39  5:15  Reaper x3  
  39  5:19  SCV  
  43  5:24  Reaper  
  43  5:27  Command Center  
  44  5:31  SCV  
  45  5:43  SCV, Reaper  
  39  5:51  Reaper x2  
  41  6:05  Reaper  
  42  6:12  Reaper  
  42  6:17  Reaper  
  44  6:21  Command Center  
  44  6:23  SCV  
  45  6:26  Reaper, Supply Depot  
  46  6:35  SCV  
  46  6:38  Reaper  
  46  6:39  Orbital Command  
  48  6:41  Supply Depot  
  48  6:44  Reaper  
  49  6:55  Reaper  
  50  7:02  Orbital Command  
Tags
 
Matchup
TvZ
Replay Pack
3rax reaper
Spawn Locations
Cross Positions
Add a new tag
Caveats
  • Supply blocks, unpowered buildings, or Contaminate may cause inaccurate times.
  • Supply counts are checked every 10 seconds.